 Dungeon Crawl Stone Soup version 0.29-a0-352-g0917bc69df (webtiles) character file.

Game seed: 10507584223581549363

112 bande the Skirmisher (level 4, -5/29 HPs)
             Began as a Gargoyle Fighter on Apr 24, 2022.
             Killed by divine providence
             ... invoked by an orc priest
              (13 damage)
             ... on level 3 of the Dungeon.
             The game lasted 00:02:54 (1746 turns).

bande the Skirmisher (Gargoyle Fighter)             Turns: 1746, Time: 00:02:56

Health: -5/29      AC: 17    Str: 17    XL:     4   Next: 95%
Magic:  4/4        EV:  4    Int:  9    God:
Gold:   76         SH:  4    Dex: 11    Spells: 3/3 levels left

rFire   . . .      SeeInvis .   a - +0 war axe
rCold   . . .      Faith    .   c - +0 buckler
rNeg    + . .      Spirit   .   f - +0 plate armour
rPois   ∞          Reflect  .   (no helmet)
rElec   +          Harm     .   (no cloak)
rCorr   .          Rampage  .   (no gloves)
Will    .....                   (no boots)
Stlth   ..........              (no amulet)
HPRegen 0.09/turn               (no ring)
MPRegen 0.09/turn               (no ring)

@: no status effects
A: sickness immunity, AC +3, negative energy resistance 1, electricity
resistance, torment resistance 1, petrification resistance, talons 1, iridescent
scales 1, weak 1
a: no special abilities


You were on level 3 of the Dungeon.
You visited 1 branch of the dungeon, and saw 3 of its levels.

You collected 76 gold pieces.

Inventory:

Hand Weapons
 a - a +0 war axe (weapon)
 e - a +0 flail
Armour
 c - a +0 buckler (worn)
 f - a +0 plate armour (worn)
Scrolls
 g - a scroll of teleportation
Potions
 d - a potion of might
 h - a potion of berserk rage


   Skills:
 + Level 3.9 Fighting
 + Level 3.2 Axes
 + Level 3.9 Armour
 + Level 3.8 Shields


You had 3 spell levels left.
You didn't know any spells.
Your spell library contained the following spells:

 Spells                   Type           Power      Damage    Failure   Level
 Dazzling Flash           Conj/Hex       0%         N/A       100%        3
 Iskenderun's Mystic Bla  Conj/Tloc      0%         2d3       100%        4
 Starburst                Conj/Fire      0%         6d3       100%        6


Dungeon Overview and Level Annotations

Branches:
Dungeon (3/15)

Altars:


Innate Abilities, Weirdness & Mutations

You are immune to sickness and miasma.
Your stone body is resilient. (AC +3)
You are immune to poison.
You resist negative energy. (rN+)
You are resistant to electric shocks. (rElec)
You are resistant to unholy torment.
You are immune to petrification.
You have sharp toenails.
You are partially covered in iridescent scales. (AC +2)
You are weak. (Str -2)


Message History

You are too injured to fight recklessly!
You are too injured to fight recklessly!
You are too injured to fight recklessly!
You are too injured to fight recklessly!
Unknown command.
You closely miss the orc. You claw the orc.
You kill the orc!
You hit the orc. You closely miss the orc wizard. You barely miss the orc.
The orc priest looks satisfied for a moment.
The orc wizard hits you but does no damage.
The orc hits you but does no damage.
The orc priest hits you but does no damage.
The orc hits you but does no damage.
The orc wizard hits you but does no damage.
The orc hits you but does no damage.
Found a stone staircase leading up.
The orc priest hits you but does no damage.
The orc hits you but does no damage. You block the orc wizard's attack.
You barely miss the orc priest. Your kick misses the orc priest.
You hit the orc. You hit the orc wizard. You barely miss the orc.
The orc priest calls upon Beogh to heal the orc.
The orc's wounds heal themselves!
The orc hits you but does no damage.
The orc wizard hits you but does no damage.
You block the orc's attack.
You barely miss the orc priest. You barely miss the orc.
You barely miss the orc wizard. You hit the orc.
The orc priest hits you with a +0 trident.
The orc hits you with a +0 dagger.
* * * LOW HITPOINT WARNING * * *
The orc wizard hits you but does no damage.
The orc hits you but does no damage. x3
The orc priest hits you but does no damage.
You block the orc wizard's attack.
You closely miss the orc priest.
You claw the orc priest, but do no damage.
You closely miss the orc. You closely miss the orc wizard.
You barely miss the orc.
The orc priest invokes the aid of Beogh against you.
Beogh smites you!
You die...

#....####..........>
#......###..........
##....#..##....(.....
##......#..#..........
##........#............
#..........##..........
#..........#........)..
#.....oo......,.,,.....
#...)o@.......,,,,...>.
***#......o)..##.**,,.....
*................**,,,,,,,
***.##.[...........,,,,,,,,,
*,,,*#............#**,,,,,,,
***,*#.......)..### *,,,,,,,
*,,#..........# **,,,,,,
**,<..........#******,,,,,
****,,,,,,,,***,,,,,,,,,,


You could see an orc priest, an orc wizard and 2 orcs.

Vanquished Creatures
  Jessica (D:2)
  3 adders
  A gnoll (D:1)
  An ufetubus (D:3)
  2 worms
  A dart slug (D:2)
  An orc (D:3)
  3 endoplasms (D:1)
  4 giant cockroaches (D:1)
  3 goblins
  3 hobgoblins (D:1)
  2 kobolds
  A quokka (D:1)
  3 ball pythons
  2 frilled lizards (D:1)
  7 rats
38 creatures vanquished.

Notes
Turn   | Place    | Note
-------+----------+-------------------------------------------
     0 | D:1      | bande the Gargoyle Fighter began the quest for the Orb.
     0 | D:1      | Reached XP level 1. HP: 14/14 MP: 1/1
    44 | D:1      | Reached XP level 2. HP: 19/19 MP: 2/2
   515 | D:1      | Reached XP level 3. HP: 23/23 MP: 3/3
  1088 | D:2      | Noticed Jessica
  1094 | D:2      | Killed Jessica
  1095 | D:2      | Reached XP level 4. HP: 29/29 MP: 4/4
  1711 | D:3      | Gained mutation: You are weak. (Str -2) [potion of
                  | mutation]
  1711 | D:3      | Gained mutation: You are partially covered in iridescent
                  | scales. (AC +2) [potion of mutation]
  1711 | D:3      | Gained mutation: You have sharp toenails. [potion of
                  | mutation]
  1746 | D:3      | Killed from afar by an orc priest

Illustrated notes

Levels and vault maps discovered:
D:1:      mrwooster_arrival_statue_3, layout_loops_ring, minmay_misc_feat_alley
D:2:      layout_rooms, minmay_misc_feat_rugged, glass_columns_c, uniq_jessica
D:3:      layout_rooms

Skill      XL: |  1  2  3  4 |
---------------+-------------+-----
Axes           | 2 3 |  3.2
Fighting       | |  3.9
Armour         | |  3.9
Shields        | |  3.8

Action                   |  1- 3 |  4- 6 || total
-------------------------+-------+-------++-------
Melee: War axe           |    65 |    41 ||   106
       Kick              |       |     4 ||     4
  Use: Scroll            |     1 |     7 ||     8
       Potion            |       |     1 ||     1
Armor: Scale mail        |    33 |       ||    33
       Plate armour      |       |    52 ||    52
Dodge: Dodged            |    31 |    15 ||    46
Block: Buckler           |    15 |    17 ||    32

Table legend: (Time is in decaauts)
 A = Elapsed time spent in this place.
 B = Non-inter-level travel time spent in this place.
 C = Inter-level travel time spent in this place.
 D = Time resting spent in this place.
 E = Time spent auto-exploring this place.
 F = Levels seen in this place.
 G = Mean time per level.
                   A        B        C        D        E       F      G
               +--------+--------+--------+--------+--------+-----+--------+
         Total |   1789 |   1726 |     63 |      0 |   1347 |   3 |  596.3 |
       Dungeon |   1789 |   1726 |     63 |      0 |   1347 |   3 |  596.3 |
               +--------+--------+--------+--------+--------+-----+--------+

Top non-repeatable levels by time:
     D:1: 1030 daAuts
     D:2: 607 daAuts
     D:3: 152 daAuts
